 Dungeon Crawl Stone Soup version 0.31-a0-152-g6aa68a64a1 (webtiles) character file.

Game seed: 6637582886381454118

56 qw the Shooter (level 3, -3/32 HPs)
             Began as a Naga Hunter on June 9, 2023.
             Slain by an orc priest
             ... wielding a +0 falchion
              (6 damage)
             ... on level 4 of the Dungeon.
             The game lasted 00:00:29 (1482 turns).

qw the Shooter (Naga Hunter)                        Turns: 1482, Time: 00:00:29

Health: -3/32      AC:  2    Str: 13    XL:     3   Next: 97%
Magic:  3/3        EV:  9    Int:  9    God:
Gold:   57         SH:  0    Dex: 16    Spells: 2/2 levels left

rFire   . . .        Y - +0 shortbow
rCold   . . .        (shield currently unavailable)
rNeg    . . .        c - +0 leather armour
rPois   +            (no helmet)
rElec   .            (no cloak)
rCorr   .            (no gloves)
SInv    +            (no barding)
Will    .....        (no amulet)
Stlth   ++           (no ring)
HPRegen 0.25/turn    (no ring)
MPRegen 0.08/turn

%: no passive effects
@: short of breath, very slow
A: AC +1, large, see invisible, deformed body, poison resistance, slowness 2,
spit poison 1, naga tail 1
a: Spit Poison


You were on level 4 of the Dungeon.
You visited 1 branch of the dungeon, and saw 3 of its levels.

You collected 57 gold pieces.


Innate Abilities, Weirdness & Mutations

Your serpentine skin is tough. (AC +1)
You have supernaturally acute eyesight. (SInv)
Armour fits poorly on your strangely shaped body.
Your system is resistant to poisons. (rPois)
You cover ground very slowly.
You can spit poison.
You have a snake-like lower body.


   Skills:
 + Level 2.0 Fighting
 - Level 5.0 Ranged Weapons
 - Level 1.5 Dodging
 - Level 1.5 Stealth


You had 2 spell levels left.
You didn't know any spells.
Your spell library was empty.

Inventory:

Hand Weapons
 Y - a +0 shortbow (weapon)
Armour
 c - a +0 leather armour (worn)
Scrolls
 a - a scroll of teleportation {unknown}
 b - a scroll of noise {unknown}
 g - a scroll of identify
Potions
 d - a potion of invisibility {unknown}
 e - a potion of brilliance {unknown}
 f - a potion of might {unknown}

Dungeon Overview and Level Annotations

Branches:
Dungeon (2/15)

Altars:

Shops:
D:1 !


Message History

You kill the orc!
The orc priest casts a cantrip, but nothing happens.
The orc priest invokes the aid of Beogh against you.
Beogh smites you!
Your Ranged Weapons skill increases to level 5!
You shoot an arrow.
The arrow closely misses the orc priest.
You shoot an arrow.
The arrow hits the orc priest but does no damage.
The orc priest looks encouraged for a moment.
You shoot an arrow.
The arrow closely misses the orc priest.
The arrow hits the orc priest.
The orc priest is moderately wounded.
The orc priest invokes the aid of Beogh against you.
Beogh smites you!
The orc priest invokes the aid of Beogh against you.
Beogh smites you!
You shoot an arrow. The arrow hits the orc priest.
The orc priest is lightly wounded.
You have got your breath back.
The orc priest barely misses you.
The orc priest miscasts a cantrip.
1480 ||| INVOKING Spit Poison.
Aiming: Spit Poison (2% risk of failure)
Press: ? - help, Shift-Dir - straight line, f/p - orc priest The splash of poison hits the orc priest!
The orc priest is poisoned.
The orc priest is severely wounded.
The orc priest closely misses you.
You shoot an arrow. The arrow hits the orc priest.
The orc priest is severely wounded.
The orc priest barely misses you.
The orc priest calls upon Beogh to heal the orc priest.
The orc priest's wounds heal themselves!
You shoot an arrow.
The arrow completely misses the orc priest.
You kill the orc priest!
The orc priest hits you with a +0 falchion.
You die...

............
.............
.........)..
#.........
#.......#
#....).######
#..o).......
#...@.......
#.....#####.
#..#### #..#
#..#
...#########.##
#............##
#..#.......#..##
#####..###..##


You could see an orc priest.

Vanquished Creatures
  An orc priest (D:4)
  An adder (D:2)
  A worm (D:2)
  2 orcs (D:4)
  A giant cockroach (D:2)
  5 goblins
  2 hobgoblins (D:1)
  4 jackals (D:1)
  7 kobolds (D:1)
  2 quokkas
  2 ball pythons
  6 bats
  5 frilled lizards
  3 rats
42 creatures vanquished.

Notes
Turn   | Place    | Note
-------+----------+-------------------------------------------
     0 | D:1      | qw the Naga Hunter began the quest for the Orb.
     0 | D:1      | Reached XP level 1. HP: 19/19 MP: 1/1
     0 | D:1      | 0 ||| qw: Version: 0.2-a-122-gbc61b45
     0 | D:1      | 0 ||| qw: Game counter: 3340
     0 | D:1      | 0 ||| qw: Always use a shield: true
     0 | D:1      | 0 ||| qw: God list: Okawaru
     0 | D:1      | 0 ||| qw: Allow faded altars: false
     0 | D:1      | 0 ||| qw: Do Orc after D:15 true
     0 | D:1      | 0 ||| qw: Do second Lair branch before Depths: true
     0 | D:1      | 0 ||| qw: Lair rune preference: random
     0 | D:1      | 0 ||| qw: Plans: Normal
     0 | D:1      | 0 ||| PLANNING D:1-11
    52 | D:1      | 52 ||| INVOKING Spit Poison.
    58 | D:1      | 58 ||| INVOKING Spit Poison.
    63 | D:1      | 63 ||| INVOKING Spit Poison.
    65 | D:1      | Reached skill level 4 in Ranged Weapons
    65 | D:1      | Reached XP level 2. HP: 15/26 MP: 2/2
   160 | D:1      | 160 ||| INVOKING Spit Poison.
   164 | D:1      | 164 ||| INVOKING Spit Poison.
   169 | D:1      | 169 ||| INVOKING Spit Poison.
   235 | D:1      | 235 ||| INVOKING Spit Poison.
   244 | D:1      | 244 ||| INVOKING Spit Poison.
   250 | D:1      | 250 ||| INVOKING Spit Poison.
   256 | D:1      | 256 ||| INVOKING Spit Poison.
   260 | D:1      | 260 ||| INVOKING Spit Poison.
   261 | D:1      | 261 ||| INVOKING Spit Poison.
   355 | D:1      | 355 ||| INVOKING Spit Poison.
   361 | D:1      | 361 ||| INVOKING Spit Poison.
   377 | D:1      | 377 ||| INVOKING Spit Poison.
   380 | D:1      | 380 ||| Stepping ~*~*~tactically~*~*~ (outnumbered).
   381 | D:1      | 381 ||| INVOKING Spit Poison.
   385 | D:1      | 385 ||| INVOKING Spit Poison.
   387 | D:1      | Reached XP level 3. HP: 26/32 MP: 3/3
   400 | D:1      | 400 ||| INVOKING Spit Poison.
   407 | D:1      | 407 ||| INVOKING Spit Poison.
   411 | D:1      | 411 ||| INVOKING Spit Poison.
   563 | D:1      | 563 ||| INVOKING Spit Poison.
   732 | D:1      | Found Darhuch's Distillery.
   737 | D:1      | 737 ||| SHOPLISTING potion of cancellation (80 gold, have
                  | 0).
   737 | D:1      | 737 ||| SHOPLISTING potion of curing (30 gold, have 0).
   737 | D:1      | 737 ||| SHOPLISTING potion of haste (100 gold, have 0).
   737 | D:1      | 737 ||| SHOPLISTING potion of heal wounds (50 gold, have
                  | 0).
   737 | D:1      | 737 ||| SHOPLISTING potion of resistance (100 gold, have
                  | 0).
   761 | D:1      | 761 ||| INVOKING Spit Poison.
  1036 | D:1      | 1036 ||| READING scroll labelled JADUIH BIGRE.
  1037 | D:1      | 1037 ||| READING scroll labelled XERATEB CANIN.
  1038 | D:1      | 1038 ||| READING 2 scrolls labelled ROLAIN XAECS.
  1039 | D:1      | 1039 ||| READING 2 scrolls labelled BUISIPNEELO.
  1040 | D:1      | 1040 ||| READING scroll labelled OBUTRY POWINO.
  1041 | D:1      | 1041 ||| DROPPING scroll of butterflies.
  1042 | D:1      | 1042 ||| DROPPING scroll of fog.
  1075 | D:2      | 1075 ||| INVOKING Spit Poison.
  1129 | D:2      | 1129 ||| INVOKING Spit Poison.
  1204 | D:2      | 1204 ||| INVOKING Spit Poison.
  1241 | D:2      | 1241 ||| INVOKING Spit Poison.
  1281 | D:2      | 1281 ||| INVOKING Spit Poison.
  1332 | D:2      | Found a faded altar of an unknown god.
  1343 | D:2      | 1343 ||| INVOKING Spit Poison.
  1392 | D:2      | 1392 ||| INVOKING Spit Poison.
  1398 | D:2      | 1398 ||| INVOKING Spit Poison.
  1440 | D:2      | You fall into a shaft and drop 2 floors!
  1471 | D:4      | 1471 ||| INVOKING Spit Poison.
  1475 | D:4      | 1475 ||| INVOKING Spit Poison.
  1476 | D:4      | Reached skill level 5 in Ranged Weapons
  1478 | D:4      | HP: 1/32 [orc priest/divine providence (10)]
  1480 | D:4      | 1480 ||| INVOKING Spit Poison.
  1482 | D:4      | Slain by an orc priest

Levels and vault maps discovered:
D:1:      amcnicky_arrival_abandoned_market, layout_loops_ring, serial_shops,
          nicolae_diamond_shop, lexackson_kobold_supper
D:2:      layout_basic, ebering_ecumenical_altar_rust
D:4:      layout_layer_cave, nemelex_spade_bored_becter, uniq_pikel, uniq_edmund

Skill      XL: |  1  2  3 |
---------------+----------+-----
Ranged Weapons | 4 5 |  5.0
Fighting       | |  2.0
Dodging        | |  1.5
Stealth        | |  1.5

Action                     || total
---------------------------++-------
   Fire: Shortbow          ||    82
Ability: Spit Poison       ||    32
    Use: Scroll            ||     5
 Armour: Leather armour    ||     5
  Dodge: Dodged            ||    23

Table legend:
 A = Non-vault XP
 B = Vault XP
 C = Vault XP percentage of total XP
 D = Non-vault monster count
 E = Vault monster count
 F = Vault count percentage of total count
                 A         B        C        D         E       F
            +---------+---------+-------+---------+---------+-------
      Total |     114 |      10 |   8.1 |      34 |       8 |  19.0
            +---------+---------+-------+---------+---------+-------
        D:1 |      33 |      10 |  23.3 |      21 |       8 |  27.6
        D:2 |      32 |       0 |   0.0 |      10 |       0 |   0.0
        D:4 |      49 |       0 |   0.0 |       3 |       0 |   0.0
            +---------+---------+-------+---------+---------+-------
